 Dungeon Crawl Stone Soup version 0.28.0-47-ge53b351184 (console) character file.

Game seed: 945626613762895282

172 Faeu the Shield-Bearer (level 5, -5/47 HPs)
             Began as a Minotaur Fighter on May 2, 2022.
             Killed by nerve-wracking pain
             ... invoked by an orc priest
              (9 damage)
             ... on level 5 of the Dungeon.
             The game lasted 00:04:49 (2297 turns).

Faeu the Shield-Bearer (Minotaur Fighter)           Turns: 2297, Time: 00:04:50

Health: -5/47      AC:  7    Str: 23    XL:     5   Next: 27%
Magic:  4/4        EV:  9    Int:  5    God:
Gold:   101        SH:  4    Dex:  9    Spells: 4/4 levels left

rFire   + . .      SeeInvis .   a - +0 war axe {axe}
rCold   + . .      Faith    .   c - +0 buckler
rNeg    . . .      Spirit   .   b - +0 scale mail
rPois   .          Reflect  .   (helmet restricted)
rElec   .          Harm     .   m - scarf {rC+ rF+}
rCorr   .          Rampage  .   (no gloves)
Will    .....                   (no boots)
Stlth   ..........              (no amulet)
HPRegen 0.15/turn               q - ring of flight
MPRegen 0.09/turn               (no ring)

@: flying
A: horns 2, retaliatory headbutt
a: no special abilities


You were on level 5 of the Dungeon.
You visited 1 branch of the dungeon, and saw 5 of its levels.

You collected 101 gold pieces.


Innate Abilities, Weirdness & Mutations

You have a pair of horns on your head.
You reflexively headbutt those who attack you in melee.


   Skills:
 + Level 4.7 Fighting
 + Level 3.9 Axes
 + Level 4.8 Armour
 + Level 4.8 Shields


You had 4 spell levels left.
You didn't know any spells.
Your spell library contained the following spells:

 Spells                   Type           Power      Damage    Failure   Level
 Sandblast                Erth           0%         2d4       86%         1
 Passwall                 Tmut/Erth      0%         N/A       94%         2
 Stone Arrow              Conj/Erth      0%         3d7       99%         3

Inventory:

Hand Weapons
 a - a +0 war axe (weapon) {axe}
Armour
 b - a +0 scale mail (worn)
 c - a +0 buckler (worn)
 m - a scarf of resistance (worn)
   (You found it on level 3 of the Dungeon)
 r - a +0 pair of boots
   (You found it on level 5 of the Dungeon)
Jewellery
 q - a ring of flight (left hand)
   (You found it on level 4 of the Dungeon)
Scrolls
 e - 2 scrolls of identify {unknown}
 g - 2 scrolls of teleportation {unknown}
 h - 2 scrolls of blinking {unknown}
 j - 2 scrolls of amnesia {unknown}
 k - a scroll of enchant weapon {unknown}
 n - a scroll of magic mapping {unknown}
 o - a scroll of noise {unknown}
 p - a scroll of fear {unknown}
Potions
 d - a potion of might
 f - 3 potions of attraction {unknown}
 i - 5 potions of curing {unknown}
 l - a potion of experience {unknown}

Dungeon Overview and Level Annotations

Branches:
Dungeon (5/15)
 Temple: D:4-7

Altars:

# #.# #######
#.##.#######......
#.................
########.#######....)(
+............# #......
##....†......# #......
#...........# #......
#...........# #......
#...........# #......
#...).......# #......
#####@.......# #......
#...o)....####
#.........#
#.........#
#.......).#
#.........#
...........#
............#
............#
.......####### ..o.


You could see an orc priest.


Message History

There is a stone staircase leading down here.
An ogre comes into view. It is wielding a +0 giant club.
The ogre shouts!
There is a stone staircase leading down here.
You fly downwards.
There is a stone staircase leading up here.
j - 2 scrolls labelled LYRAVY KAGGACAH (gained 1)
You now have 92 gold pieces (gained 11).
You see here 28 bolts.
There is a stone staircase leading down here.
i - 4 puce potions (gained 1)
r - a +0 pair of boots
i - 5 puce potions (gained 1)
You see here 24 bolts.
You see here a +0 hunting sling {sling}.
A scorpion comes into view.
You slash the scorpion! Your headbutt misses the scorpion.
You block the scorpion's attack.
The scorpion stings you but does no damage.
You barely miss the scorpion. You headbutt the scorpion.
You kill the scorpion!
You have reached level 4!
You feel stronger. 😎 HP[+8] MP[+1]
You now have 41 max hp (+8).
Your mp is fully restored (3).
f - 3 sedimented puce potions (gained 1)
You now have 101 gold pieces (gained 9).
An orc wizard comes into view. It is wielding a +0 dagger.
The orc wizard shouts!
You hear a shout!
The orc wizard hits you but does no damage.
You closely miss the orc wizard. You headbutt the orc wizard.
You block the orc wizard's attack.
You hit the orc wizard. Your headbutt misses the orc wizard.
The orc wizard points at you and mumbles some strange words.
The puff of flame hits you. You resist.
The orc wizard hits you but does no damage. 😕 HP[-3]
You take 3 damage, and now have 38/41 hp.
You barely miss the orc wizard.
The orc wizard gestures at you while chanting.
The magic dart hits you. 😕 HP[-3]
You take 3 damage, and now have 35/41 hp.
You closely miss the orc wizard. You block the orc wizard's attack.
You slash the orc wizard!
You kill the orc wizard!
You have reached level 5! 😕 HP[+5] MP[+1]
You now have 47 max hp (+6).
You regained 5 hp, and now have 40/47 hp.
Your mp is fully restored (4).
Things that are here:
a +0 dagger {short}; a +0 robe; an orc corpse 😕 HP[+1]
You see here a +0 dagger {short}.
An orc priest comes into view. It is wielding a +0 dagger. 😕 HP[+3]
You regained 3 hp, and now have 44/47 hp. 😕 HP[+1] 😕 HP[+1] 😎 HP[+1]
An orc priest comes into view. It is wielding a +0 short sword.
The orc priest shouts! x2
The orc priest mumbles some strange prayers to Beogh against you.
Beogh smites you! 😮 HP[-16]
You take 16 damage, and now have 31/47 hp.
MASSIVE DAMAGE!! (PAUSE) 😮 HP[+1]
You closely miss the orc priest. You slash the orc priest!
The orc priest miscasts a cantrip.
The orc priest mumbles some strange prayers to Beogh against you.
Beogh smites you!
* * * LOW HITPOINT WARNING * * *
😨 HP[-10]
You take 10 damage, and now have 22/47 hp.
MASSIVE DAMAGE!! (PAUSE)
You slash the orc priest!
The orc priest hits you with a +0 dagger.
* * * LOW HITPOINT WARNING * * *
😨 HP[-3]
You take 3 damage, and now have 19/47 hp.
You completely miss the orc priest.
The orc priest hits you with a +0 dagger.
* * * LOW HITPOINT WARNING * * *
The orc priest invokes the aid of Beogh against you.
Pain shoots through your body!
* * * LOW HITPOINT WARNING * * *
😱 HP[-15]
You take 15 damage, and now have 4/47 hp.
MASSIVE DAMAGE!! (PAUSE)
You slash the orc priest!
You kill the orc priest!
The orc priest barely misses you.
You closely miss the orc priest. You headbutt the orc priest.
The orc priest closely misses you.
The orc priest mumbles some strange prayers to Beogh against you.
Pain shoots through your body!
You die...

Skill      XL: |  1  2 |
---------------+-------+-----
Shields        | 4 |  4.8
Fighting       | 4 |  4.7
Armour         | 4 |  4.8
Axes           | 3 |  3.9

Action                   |  1- 3 |  4- 6 || total
-------------------------+-------+-------++-------
Melee: War axe           |    90 |    11 ||   101
       Headbutt          |    10 |     2 ||    12
Armor: Scale mail        |    41 |     2 ||    43
Dodge: Dodged            |    50 |     2 ||    52
Block: Buckler           |    23 |     2 ||    25

Levels and vault maps discovered:
D:1:      psy_arrival_terrarium, layout_basic,
          hellmonk_ecumenical_altar_slurped_away
D:2:      layout_rooms
D:3:      layout_loops_corners, minivault_25, uniq_ijyb
D:4:      layout_rooms
D:5:      layout_basic

Notes
Turn   | Place    | Note
-------+----------+-------------------------------------------
     0 | D:1      | Faeu the Minotaur Fighter began the quest for the Orb.
     0 | D:1      | Reached XP level 1. HP: 19/19 MP: 0/0
     0 | D:1      | magus.rc [v1.9.6]
    50 | D:1      | You pick up a book of Geomancy and begin reading...
    50 | D:1      | You add the spells Sandblast, Passwall and Stone Arrow to
                  | your library.
   145 | D:1      | Found a faded altar of an unknown god.
   299 | D:1      | Reached XP level 2. HP: 27/27 MP: 1/1
   468 | D:1      | Reached skill level 4 in Shields
   606 | D:1      | Reached skill level 4 in Fighting
   675 | D:1      | Reached skill level 4 in Armour
   788 | D:2      | Reached skill level 3 in Axes
   791 | D:2      | Reached XP level 3. HP: 20/33 MP: 2/2
   796 | D:2      | HP: 8/33 [frozen (4)]
   834 | D:2      | HP: 3/33 [worm (9)]
   842 | D:2      | HP: 3/33 [constriction (1)]
  2088 | D:4      | Noticed an ogre
  2101 | D:5      | Entered Level 5 of the Dungeon
  2202 | D:5      | Noticed a scorpion
  2207 | D:5      | Killed a scorpion
  2208 | D:5      | Reached XP level 4. HP: 41/41 MP: 3/3
  2232 | D:5      | Reached XP level 5. HP: 40/47 MP: 4/4
  2294 | D:5      | HP: 4/47 [orc priest/nerve-wracking pain (14)]
  2297 | D:5      | Killed from afar by an orc priest

Vanquished Creatures
  A scorpion (D:5)
  An orc priest (D:5)
  An orc wizard (D:5)
  An adder (D:4)
  A worm (D:2)
  A dart slug (D:2)
  2 ball pythons
  6 endoplasms
  2 giant cockroaches (D:1)
  3 goblins
  3 hobgoblins
  6 jackals (D:1)
  3 quokkas
  5 bats
  3 kobolds
  5 rats
44 creatures vanquished.

Table legend:
 A = Non-vault XP
 B = Vault XP
 C = Vault XP percentage of total XP
 D = Non-vault monster count
 E = Vault monster count
 F = Vault count percentage of total count
                 A         B        C        D         E       F
            +---------+---------+-------+---------+---------+-------
      Total |     244 |       2 |   0.8 |      43 |       1 |   2.3
            +---------+---------+-------+---------+---------+-------
        D:1 |      33 |       2 |   5.7 |      19 |       1 |   5.0
        D:2 |      22 |       0 |   0.0 |       9 |       0 |   0.0
        D:3 |      12 |       0 |   0.0 |       9 |       0 |   0.0
        D:4 |      17 |       0 |   0.0 |       3 |       0 |   0.0
        D:5 |     160 |       0 |   0.0 |       3 |       0 |   0.0
            +---------+---------+-------+---------+---------+-------

Illustrated notes

Table legend:
 A = Kills in this place as a percentage of kills in entire the game.
 B = Kills by you in this place as a percentage of kills by you in the entire game.
 C = Kills by friends in this place as a percentage of kills by friends in the entire game.
 D = Other kills in this place as a percentage of other kills in the entire game.
 E = Experience gained in this place as a percentage of experience gained in the entire game.
 F = Experience gained in this place divided by the number of levels of this place that you have seen.
                   A       B       C       D       E      F
               +-------+-------+-------+-------+-------+----------------------
         Total | 100.0 | 100.0 |   N/A |   N/A | 100.0 |  49.2
       Dungeon | 100.0 | 100.0 |   N/A |   N/A | 100.0 |  49.2
               +-------+-------+-------+-------+-------+----------------------

Table legend: (Time is in decaauts)
 A = Elapsed time spent in this place.
 B = Non-inter-level travel time spent in this place.
 C = Inter-level travel time spent in this place.
 D = Time resting spent in this place.
 E = Time spent auto-exploring this place.
 F = Levels seen in this place.
 G = Mean time per level.
                   A        B        C        D        E       F      G
               +--------+--------+--------+--------+--------+-----+--------+
         Total |   2333 |   2255 |     78 |    404 |   1288 |   5 |  466.6 |
       Dungeon |   2333 |   2255 |     78 |    404 |   1288 |   5 |  466.6 |
               +--------+--------+--------+--------+--------+-----+--------+

Top non-repeatable levels by time:
     D:3: 1031 daAuts
     D:1: 793 daAuts
     D:4: 231 daAuts
     D:5: 199 daAuts
     D:2: 77 daAuts
